 Dungeon Crawl Stone Soup version 0.17-a0-1984-g55f5988 (webtiles) character file.

498 Ordine the Ruffian (level 6, -1/62 HPs)
             Began as a Troll Monk on Oct 6, 2015.
             Slain by a gnoll
             ... wielding a +0 halberd
              (8 damage)
             ... on level 4 of the Dungeon.
             The game lasted 00:06:26 (1845 turns).

Ordine the Ruffian (Troll Monk)                     Turns: 1845, Time: 00:06:26

Health: -1/62      AC: 11    Str: 20    XL:     6   Next: 94%
Magic:  5/5        EV: 11    Int:  6    God:
Gold:   94         SH:  0    Dex: 14    Spells: 0 memorised, 5 levels left

rFire  . . .     SeeInvis .       - Unarmed
rCold  + . .     Clarity  .     j - +2 robe {rC+}
rNeg   . . .     SustAt   .     (no shield)
rPois  .         Gourm    +     (helmet restricted)
rElec  .         Spirit   .     e - +2 cloak
rCorr  .         Warding  .     (gloves unavailable)
rMut   .         Stasis   .     (boots unavailable)
MR     +....                    (no amulet)
Stlth  ++........               l - +1 ring of protection
                                h - ring of protection from magic

@: somewhat resistant to hostile enchantments, unstealthy
A: unfitting armour, claws 3, fast metabolism 3, gourmand, regeneration 2,
shaggy fur 1, tough skin 2
a: no special abilities


You were on level 4 of the Dungeon.
You were full.

You visited 1 branch of the dungeon, and saw 4 of its levels.

You collected 94 gold pieces.

Inventory:

Armour
 e - a +2 cloak (worn)
 j - a +2 robe of cold resistance (worn)
Jewellery
 h - a ring of protection from magic (left claw)
 l - a +1 ring of protection (right claw)
Scrolls
 c - 3 scrolls of identify
 d - 2 scrolls of enchant weapon
 m - a scroll of fear
 n - 2 scrolls of enchant armour
Potions
 k - 2 potions of cure mutation
Comestibles
 a - a beef jerky
 b - 5 bread rations
 f - 2 meat rations
 i - a fruit


   Skills:
 + Level 3.6 Fighting
 + Level 3.7 Dodging
 - Level 1.1 Stealth
 * Level 6.8 Unarmed Combat


You had 5 spell levels left.
You didn't know any spells.

Dungeon Overview and Level Annotations

Branches:
Dungeon (4/15)
 Temple: D:4-7

Altars:
Ashenzari
Qazlal


Innate Abilities, Weirdness & Mutations

You are too large for most types of armour.
You have claws for hands.
Your metabolism is lightning-fast.
You like to eat raw meat.
You heal very quickly.
You are covered in fur (AC +1).
You have very tough skin (AC +2).


Message History

The jackal moves out of view.
The gnoll barely misses you. The gnoll closely misses you.
A jackal comes into view.
You closely miss the gnoll.
The gnoll is almost dead.
The gnoll barely misses you.
The jackal moves out of view.
The gnoll hits you with a spear.
* * * LOW HITPOINT WARNING * * *
You are too injured to fight recklessly!
You are too injured to fight recklessly!
You are too injured to fight recklessly!
You closely miss the gnoll.
The gnoll is almost dead.
The gnoll closely misses you. The gnoll hits you with a flail!
* * * LOW HITPOINT WARNING * * *
The gnoll hits you but does no damage.
You claw the gnoll!
You kill the gnoll!
The gnoll hits you with a halberd!
You die...

..h. ..# ..#
..# ## #
#h#..#
#=.####.#..#
......)g...#
....?..@g..#
.....<)....#
........####
..#.#...#
#.. ..... ##
.##.## .. ..
## ##


You could see 2 gnolls and 2 jackals.

Vanquished Creatures
  A giant frog (D:3)
  A gnoll sergeant (D:4)
  Crazy Yiuf (D:2)
  A gnoll shaman (D:3)
  A giant frog skeleton (D:3)
  An orc priest (D:3)
  22 gnolls
  A worm (D:2)
  3 orcs (D:3)
  4 giant cockroaches
  4 hobgoblins
  4 jackals (D:3)
  6 bats
  2 giant geckos
  A giant newt (D:3)
  10 goblins
  5 kobolds
  4 rats
72 creatures vanquished.

Notes
Turn   | Place    | Note
--------------------------------------------------------------
     0 | D:1      | Ordine the Troll Monk began the quest for the Orb.
     0 | D:1      | Reached XP level 1. HP: 22/22 MP: 0/0
   475 | D:1      | Reached XP level 2. HP: 26/29 MP: 1/1
   621 | D:2      | Noticed Crazy Yiuf
   630 | D:2      | Killed Crazy Yiuf
   630 | D:2      | Reached XP level 3. HP: 26/36 MP: 2/2
   819 | D:2      | Found a stormy altar of Qazlal.
  1047 | D:3      | Reached skill level 5 in Unarmed Combat
  1047 | D:3      | Reached XP level 4. HP: 42/44 MP: 3/3
  1235 | D:3      | Found a shattered altar of Ashenzari.
  1278 | D:3      | Reached XP level 5. HP: 44/53 MP: 4/4
  1379 | D:3      | Noticed a giant frog
  1388 | D:3      | Killed a giant frog
  1416 | D:3      | Reached skill level 6 in Unarmed Combat
  1432 | D:3      | Reached XP level 6. HP: 42/61 MP: 5/5
  1550 | D:3      | Noticed a gnoll sergeant
  1841 | D:4      | Killed a gnoll sergeant
  1845 | D:4      | Slain by a gnoll

Vault maps used:
D:1:      minmay_arrival_cross
D:2:      nicolae_qazlal_general_emergency, first_bread,
          minmay_misc_feat_nine_boxes, uniq_crazy_yiuf_cottage
D:3:      lemuel_castle_with_subvaults, lemuel_coloured_pillars_altar
D:4:      kennysheep_mini_moat, nicolae_overflow_hidden_temple, kennysheep_mini,
          lemuel_doored_altar, serial_shops, shop

Action                   |  1- 3 |  4- 6 || total
-------------------------+-------+-------++-------
Melee: Unarmed           |    44 |   137 ||   181
  Use: Scroll            |     5 |     6 ||    11
       Potion            |       |     2 ||     2
 Stab: Sleeping          |     2 |       ||     2
  Eat: Chunk             |    12 |     7 ||    19
